 Dungeon Crawl Stone Soup version 0.02-32-ge3bdf778cf (webtiles) character file.

Game seed: 4602250191336996487, levelgen mode: deterministic

24510 minicreteconcrete the Cruncher (level 13, -70/88 HPs) Gargoyle Demonspawn. Began on Sept 12, 2020. Was an Elder of Vehumet. Killed from afar by a wizard (78 damage) ... with a crystal spear ... on level 7 of the Dungeon on Sept 13, 2020. The game lasted 01:06:21 (9492 turns).

minicreteconcrete the Cruncher (GrDs)               Turns: 9492, Time: 01:06:22

Health: -70/88     AC: 36    Str: 21    XL:     13 ^: 19193
Magic:  13/22      EV: 15    Int: 15    God:    Vehumet [4* [106]]
Gold:   380        SH:  0    Dex: 11    Spells: 13/24 levels left

rFire    x . .     Vision   .   H - +8 mace of Irphadice {freeze, *Contam rPois rN+++ Dex+2}
rCold    + + .     Gourm    .   K - +7 staff of death
rNeg     + + +     Faith    .   v - +0 plate armour
rPois    ∞         Spirit   .   t - +2 helmet
rElec    +         Reflect  .   D - +0 cloak
rCorr    .         Harm     .   m - +1 pair of gloves
MR       .....                  G - +2 pair of boots
Stlth    ..........             x - amulet of chaos
HPRegen  0.39/turn              N - ring of ice
MPRegen  0.32/turn              B - ring of evasion

@: very slightly contaminated
A: fangs 1, talons 2, yellow scales 2, negative energy resistance 1,
nightstalker 2, sense surroundings 1, powered by pain 3, robust 1, electricity
resistance, unbreathing, petrification resistance, rot immunity, AC +9
a: Renounce Religion


You were on level 7 of the Dungeon.
You worshipped Vehumet.
Vehumet was greatly pleased with you.
You were hungry.

You visited 2 branches of the dungeon, and saw 8 of its levels.
You also visited: Ice Cave.

You collected 380 gold pieces.

Inventory:

Weapons
 a - a +0 flail
 p - a +0 shortbow
 u - a +0 whip
 y - a +0 flail
 F - a +0 morningstar
 H - the +8 mace of Irphadice (weapon) {freeze, *Contam rPois rN+++ Dex+2}
   (You found it on level 4 of the Dungeon)

   It has been specially enchanted to freeze those struck by it, causing extra
   injury to most foes and up to half again as much damage against particularly
   susceptible opponents.
   It can also slow down cold-blooded creatures.
   It affects your dexterity (+2).
   It protects you from poison.
   It renders you almost immune to negative energy.
   It causes magical contamination when unequipped.
 T - the +12 glaive of Prune {chop}
   (You found it in an ice cave)

   It inflicts extra damage upon your enemies.
Armour
 b - a +0 leather armour
 l - a +0 chain mail
 m - a +1 pair of gloves (worn)
 t - a +2 helmet (worn)
 v - a +0 plate armour (worn)
 A - a +1 robe of the Archmagi
 D - a +0 cloak (worn)
 G - a +2 pair of boots (worn)
 Q - a +2 hat of improved vision
Magical Staves
 K - a +7 staff of death (weapon)
Jewellery
 c - an uncursed ring of resist corrosion
 j - a cursed amulet of harm {(Curse: Slay-3)}
 r - an uncursed amulet of the gourmand
 x - an amulet of chaos (around neck)
 B - a ring of evasion (right hand)
 N - a ring of ice (left hand)
Wands
 e - a wand of scattershot
 h - a wand of clouds (1)
 z - a wand of polymorph
 I - a wand of ensnaring
 L - a wand of random effects (2)
 M - a wand of flame (16)
 S - a wand of hasting (7)
Scrolls
 g - 3 scrolls of fear
 i - 3 scrolls of amnesia
 o - 5 scrolls of magic mapping
 s - a scroll of blinking
 w - 7 scrolls of teleportation
 C - 2 scrolls of immolation
 J - a scroll of fog
 P - a scroll of vulnerability
Potions
 f - a potion of brilliance
 k - 3 potions of cancellation
 n - 2 potions of lignification
 q - 3 potions of agility
 E - 2 potions of mutation
 O - 3 potions of ambrosia
 R - a potion of haste
 U - 2 potions of heal wounds
Comestibles
 d - 17 rations
 V - 2 chunks of flesh


   Skills:
 + Level 9.3 Fighting
 - Level 9.5(11.3) Whips & Flails
 + Level 10.0(11.5) Maces & Staves
 + Level 7.5 Armour
 + Level 3.7 Dodging
 - Level 2.1 Stealth
 + Level 2.9 Unarmed Combat
 * Level 6.4 Spellcasting
 - Level 3.5 Fire Magic
 * Level 5.6 Earth Magic
   Level 3.0 Invocations
 + Level 0.5 Evocations


You had 13 spell levels left.
You knew the following spells:

 Your Spells              Type           Power        Failure   Level  Hunger
a - Lick                  Fire           15 (40)      4%          1    None
b - Lesser Chaos Bolt     Air            4 (25)       17%         1    None
c - Chaotic Arrow         Erth           21 (50)      5%          3    ##.....
d - Ephemeral Spirits     Fire           15 (25)      4%          1    None
e - Chaos Bolt            Fire/Erth      18 (200)     52%         5    ######.

Your spell library contained the following spells:

 Spells                   Type           Power        Failure   Level  Hunger
 Random Cloud             Fire           15 (100)     38%         3    ##.....
 Blink                    Tloc           N/A          65%         2    #......
 Call Imp                 Summ           4 (100)      65%         2    #......
 Slow                     Hex            4 (100)      65%         2    #......
 Atmospheric Torsion      Air            4 (200)      80%         4    ####...
 Chaotic Cloudburst       Pois/Air       4 (100)      87%         3    ##.....


Dungeon Overview and Level Annotations

Branches:
Dungeon (7/8)              Temple (1/1) D:4            Lair (0/6) D:5
    Orc (0/2) D:6           IceCv (visited)
 Vaults: D:7

Altars:
Ashenzari
Cheibriados
Elyvilon
Gozag Ym Sagoz
Makhleb
Nemelex Xobeh
Qazlal
Sif Muna
Uskayaw
Vehumet
Wu Jian
Yredelemnul
Zin
The Shining One

Annotations:
D:6 Fannar


Innate Abilities, Weirdness & Mutations

You are resistant to torment.
Your stone body is resilient. (AC +9)
You are immune to poison.
You have razor-sharp toenails.
You are mostly covered in yellow scales. (AC +3)
You resist negative energy. (rN+)
You are significantly more attuned to the shadows.
You are powered by pain.
You are resistant to electric shocks. (rElec)
You can survive without breathing.
You are immune to petrification.
You are immune to rotting.
You have very sharp teeth.
You passively map a small area around you.
You are robust. (+10% HP)


Message History

The troll is heavily wounded. (16/38) HP You hit the troll but do no damage.
The troll is heavily wounded. (16/38) HP The efreet gestures at you.
The bolt of fire hits you but does no damage (0).
The troll bites you but does no damage. The troll claws you but does no damage.
The troll barely misses you (0).
Unknown command.
You hit the troll but do no damage.
The troll is heavily wounded. (17/38) HP You are feeling hungry.
You hit the troll (4).
The troll is severely wounded. (13/38) HP The wizard casts a spell at you.
The crystal spear hits you (35)!!
* * * LOW HITPOINT WARNING * * *
The wizard gestures at you while chanting.
The crystal spear hits you (78)!!!!
Ouch! That really hurt!
You die...

#..# *,......# *,,#....≈≈≈ *..#
*,......# ####...≈≈≈≈ ,,,*
*,......# #.....≈≈...
,,,*******,......######._...≈≈%>.
,,,,,,,,,,,...........#.....≈≈..)
**,,,,,,,,,...........####...≈≈≈≈
*,,,,,,,,,......######,,#....≈≈≈
*,,,,,,,,,......# *,,##......
*,,,,,,,,,....T@#*****,,*##.....
*,,,,,,,,,...........,,,,,###...
**,,,,,,,,,.......R...,,,,,,,####
,,,*******,....p......,***,,,,,,,
,,,* *,##########°,* *,,,,,,,
,,,*******,* *☼,* *,,,,,,,
,,,,,,,,,*,* *,,* *,,,,,,,
,,,,,,,,,,,**********,,***,,,,,,,
,,,,,,,,,,,,,,,,,,,,,,,,,,,,,,,,,


You could see a wizard, a troll and an efreet.

Vanquished Creatures
  Gastronok (D:5)
  Erolcha (D:5)
  Erica (D:5)
  3 two-headed ogres (D:6)
  3 hydras
  A necromancer (IceCv)
  A centaur warrior (D:7)
  A manticore (D:7)
  A deep elf mage (D:6)
  A rust devil (IceCv)
  3 ice statues (IceCv)
  A molten gargoyle (D:3)
  3 ugly things
  A gargoyle (D:6)
  8 ice devils (IceCv)
  2 trolls
  A tengu conjurer (D:7)
  A komodo dragon (D:6)
  A hornet (D:5)
  4 wraiths
  4 hippogriffs
  A steam dragon (D:6)
  2 flying skulls (D:2)
  A shadow (D:7)
  An acid dragon (D:4)
  A basilisk (D:6)
  2 yaks (D:6)
  Grum (D:5)
  3 war dogs (D:5)
  3 slime creatures (D:6)
  A hungry ghost (D:6)
  A vampire mosquito (D:6)
  2 guardian mummies (D:3)
  A wolf spider zombie (D:7)
  5 phantoms
  2 wargs (D:5)
  2 soldier ants (D:5)
  4 orc warriors
  A porcupine (D:3)
  A black bear (D:5)
  An ice beast (D:5)
  2 ogres
  2 big kobolds
  2 meliai zombies
  11 bullfrogs
  A centaur (D:6)
  A draconian simulacrum (IceCv)
  2 harpy skeletons
  5 scorpions
  A howler monkey (D:3)
  7 killer bees
  3 quasits
  3 wights
  2 spriggan simulacra (IceCv)
  3 troll simulacra (IceCv)
  A crimson imp (D:4)
  3 lava snakes (D:3)
  Crazy Yiuf (D:5)
  3 orc priests
  7 hounds
  11 jellies
  11 orc wizards
  5 mummies (D:3)
  3 iguanas
  A wyvern zombie (D:4)
  8 worker ants
  A wyvern skeleton (D:6)
  2 ogre simulacra (IceCv)
  3 bullfrog zombies
  6 bullfrog skeletons
  A porcupine skeleton (D:3)
  7 adders
  2 centaur simulacra (IceCv)
  8 gnolls
  18 sewer rats
  4 worms
  20 cinder newts
  A hound zombie (D:3)
  4 oozes
  5 leopard geckos
  25 orcs
  An adder skeleton (D:3)
  4 adder zombies
  5 ball pythons
  A cinder newt skeleton (D:2)
  8 giant cockroaches
  9 goblins (D:1)
  4 hobgoblins (D:1)
  4 jackals (D:3)
  6 quokkas
  5 bats
  A goblin skeleton (D:4)
  13 kobolds
  A leopard gecko zombie (D:5)
  2 quokka skeletons
  3 rats (D:1)
352 creatures vanquished.

Vanquished Creatures (others)
  An unseen horror (D:6)
  A cyclops (D:6)
  2 big kobolds (D:2)
  2 jellies (D:2)
  An adder (D:2)
  13 sewer rats (D:2)
  A worm (D:2)
  An ooze (D:2)
  5 leopard geckos (D:2)
  An orc (D:6)
  7 giant cockroaches (D:2)
  3 ball pythons (D:2)
  A ball python skeleton (D:2)
  4 kobolds (D:2)
  4 ephemeral spirits (IceCv)
  6 giant blowflies (D:2)
  2 plants (D:5)
  127 withered plants (D:2)
182 creatures vanquished.

Grand Total: 534 creatures vanquished

Notes
Turn   | Place    | Note
-------+----------+-------------------------------------------
     0 | D:1      | minicreteconcrete the Gargoyle Demonspawn began the quest
                  | for the Orb.
     0 | D:1      | Reached XP level 1. HP: 12/12 MP: 3/3
    80 | D:1      | Gained mutation: You have sharp toenails. [demonic
                  | ancestry]
    80 | D:1      | Reached XP level 2. HP: 18/18 MP: 5/5
   137 | D:1      | Found a sparkling altar of Nemelex Xobeh.
   214 | D:1      | Reached XP level 3. HP: 6/22 MP: 6/6
   872 | D:1      | Gained mutation: You sometimes gain a little power by
                  | taking damage. [demonic ancestry]
   872 | D:1      | Reached XP level 4. HP: 14/27 MP: 7/7
  1195 | D:1      | Reached skill level 1 in Armour
  1385 | D:2      | Found a stormy altar of Qazlal.
  1401 | D:2      | Killed a big kobold
  1466 | D:2      | Gained mutation: You sometimes gain power by taking damage.
                  | [demonic ancestry]
  1466 | D:2      | Reached XP level 5. HP: 27/31 MP: 8/8
  1584 | D:2      | Reached skill level 1 in Unarmed Combat
  1731 | D:2      | Found a sparkling altar of Nemelex Xobeh.
  1831 | D:2      | Gained mutation: You are powered by pain. [demonic
                  | ancestry]
  1831 | D:2      | Reached XP level 6. HP: 30/37 MP: 9/9
  2231 | D:2      | Gained mutation: You are partially covered in yellow
                  | scales. (AC +2) [demonic ancestry]
  2231 | D:2      | Reached XP level 7. HP: 36/41 MP: 10/10
  2334 | D:2      | Reached skill level 5 in Whips & Flails
  3378 | D:3      | Reached XP level 8. HP: 38/48 MP: 11/11
  3420 | D:3      | Noticed a wraith
  3454 | D:3      | Killed a wraith
  4049 | D:3      | Noticed a molten gargoyle
  4094 | D:3      | Noticed a wraith
  4117 | D:2      | Gained mutation: You are slightly more attuned to the
                  | shadows. [demonic ancestry]
  4117 | D:2      | Reached XP level 9. HP: 16/52 MP: 12/12
  4361 | D:2      | Reached skill level 5 in Fighting
  4582 | D:4      | Found an opulent altar of Gozag.
  4659 | D:4      | Gained mutation: You have very sharp teeth. [potion of
                  | mutation]
  4659 | D:4      | Gained mutation: You are robust. (+10% HP) [potion of
                  | mutation]
  4659 | D:4      | Gained mutation: You passively map a small area around you.
                  | [potion of mutation]
  4985 | D:4      | Reached skill level 5 in Armour
  5078 | D:4      | Identified the +8 mace of Irphadice {freeze, *Contam rPois
                  | rN+++ Dex+2}
  5095 | D:4      | Gained mutation: You have razor-sharp toenails. [demonic
                  | ancestry]
  5095 | D:4      | Reached XP level 10. HP: 23/66 MP: 13/13
  5248 | D:4      | Found a staircase to the Ecumenical Temple.
  5256 | Temple   | Entered the Ecumenical Temple
  5263 | Temple   | Became a worshipper of Vehumet
  5398 | D:3      | Reached skill level 1 in Maces & Staves
  5526 | D:3      | Reached skill level 2 in Maces & Staves
  5539 | D:3      | Reached skill level 3 in Maces & Staves
  5593 | D:5      | Entered Level 5 of the Dungeon
  5659 | D:5      | Found a runed translucent door.
  5660 | D:5      | Noticed Crazy Yiuf
  5669 | D:5      | Killed Crazy Yiuf
  5692 | D:5      | Noticed Erica
  5700 | D:5      | Killed Erica
  5700 | D:5      | Reached skill level 4 in Maces & Staves
  5757 | D:5      | Noticed Grum
  5765 | D:5      | Killed Grum
  5772 | D:5      | Reached skill level 5 in Maces & Staves
  5788 | D:5      | Reached * piety under Vehumet
  5788 | D:5      | Offered knowledge of Lesser Chaos Bolt by Vehumet.
  5794 | D:5      | Learned a level 1 spell: Lesser Chaos Bolt
  6050 | D:5      | Noticed Erolcha
  6075 | D:5      | Killed Erolcha
  6075 | D:5      | Reached skill level 6 in Maces & Staves
  6075 | D:5      | Reached skill level 1 in Fire Magic
  6075 | D:5      | Gained mutation: You are significantly more attuned to the
                  | shadows. [demonic ancestry]
  6075 | D:5      | Reached XP level 11. HP: 32/73 MP: 13/15
  6169 | D:5      | Noticed Gastronok
  6196 | D:5      | Killed Gastronok
  6196 | D:5      | Reached skill level 7 in Maces & Staves
  6222 | D:5      | Found a staircase to the Lair.
  6386 | D:5      | Reached ** piety under Vehumet
  6400 | D:5      | Offered knowledge of Ephemeral Spirits by Vehumet.
  6555 | D:5      | Found a shattered altar of Ashenzari.
  6844 | D:6      | Noticed an eight-headed hydra
  6857 | D:6      | Killed an eight-headed hydra
  6857 | D:6      | Reached skill level 8 in Maces & Staves
  6995 | D:6      | Found a white marble altar of Elyvilon.
  7011 | D:6      | Found a burning altar of Makhleb.
  7032 | D:6      | Found an ornate altar of the Wu Jian Council.
  7212 | D:6      | Noticed a five-headed hydra
  7217 | D:6      | Killed a five-headed hydra
  7227 | D:6      | Noticed a two-headed ogre
  7232 | D:6      | Killed a two-headed ogre
  7286 | D:6      | Gained mutation: You are mostly covered in yellow scales.
                  | (AC +3) [demonic ancestry]
  7286 | D:6      | Reached XP level 12. HP: 74/82 MP: 18/18
  7303 | D:6      | Offered knowledge of Chaotic Arrow by Vehumet.
  7313 | D:6      | Learned a level 3 spell: Chaotic Arrow
  7427 | D:6      | Reached skill level 1 in Earth Magic
  7429 | D:6      | Reached skill level 9 in Maces & Staves
  7515 | D:6      | Found a hide-covered altar of Uskayaw.
  7515 | D:6      | Found a sparkling altar of Nemelex Xobeh.
  7515 | D:6      | Found a shimmering blue altar of Sif Muna.
  7516 | D:6      | Found a basalt altar of Yredelemnul.
  7536 | D:6      | Reached *** piety under Vehumet
  7770 | D:6      | Reached skill level 5 in Spellcasting
  7786 | D:6      | Offered knowledge of Atmospheric Torsion by Vehumet.
  7948 | D:6      | Found a staircase to the Orcish Mines.
  8024 | D:6      | Noticed Fannar
  8439 | D:7      | Found a frozen archway.
  8445 | IceCv    | Entered an ice cave
  8593 | IceCv    | Learned a level 1 spell: Ephemeral Spirits
  8656 | IceCv    | Reached **** piety under Vehumet
  8791 | IceCv    | Reached XP level 13. HP: 27/88 MP: 22/22
  8792 | IceCv    | Offered knowledge of Chaos Bolt by Vehumet.
  8799 | IceCv    | Learned a level 5 spell: Chaos Bolt
  8997 | IceCv    | Found the +12 glaive of Prune {chop}
  9000 | IceCv    | Reached skill level 10 in Maces & Staves
  9000 | IceCv    | Reached skill level 5 in Earth Magic
  9368 | D:7      | Found a shimmering blue altar of Sif Muna.
  9492 | D:7      | Killed from afar by a wizard

Levels and vault maps discovered:
D:1:      saegor_arrival_under_anarchy, layout_loops_ring,
          nemelex_xobeh_ov_fountains_minmay
D:2:      layout_sewer, grunt_qazlal_sundering, hangedman_decor_peaks_small,
          minmay_fountain_box, st_stairs_1, nemelex_diamond_rough_becter
D:3:      ossuary_bcadren_due_volcanic, layout_rooms, first_ration
D:4:      layout_roguey, nicolae_gozag_seed_capital, temple_hall
D:5:      layout_roguey, lemuel_round_altar, erik_lair_orcish_takeover,
          hangedman_pestilent_swarm, uniq_grum, uniq_erica, uniq_gastronok,
          uniq_erolcha, uniq_crazy_yiuf_cottage
D:6:      layout_stronghold, chequers_temple_overflow_statue_of_worship,
          minmay_overflow_temple_star_quad, uniq_fannar
D:7:      layout_small_grid, erik_vaults_1, portal_ice_cave_entry_pillars_1,
          tgw_sif, uniq_frances
Temple:   compressed_dpeg_triangle_lava_temple

Skill      XL: |  1  2  3  4  5  6  7  8  9 10 11 12 13 |
---------------+----------------------------------------+-----
Armour         | 1 2 4 5 6 7 |  7.5
Whips & Flails | 3 4 5 7 9 |  9.5
Dodging        | 3 |  3.7
Unarmed Combat | 1 2 |  2.9
Fighting       | 3 4 6 7 8 9 |  9.3
Maces & Staves | 6 8 9 10 | 10.0
Fire Magic     | 1 3 |  3.5
Spellcasting   | 4 6 |  6.4
Earth Magic    | 4 5 |  5.6
Stealth        | |  2.1
Invocations    | |  3.0
Evocations     | |  0.5

Action                   |  1- 3 |  4- 6 |  7- 9 | 10-12 | 13-15 || total
-------------------------+-------+-------+-------+-------+-------++-------
Melee: Flail             |    95 |   162 |   720 |    17 |       ||   994
       Unarmed           |    68 |   135 |    60 |       |       ||   263
       Kick              |     5 |    35 |   113 |       |       ||   153
       Whip              |       |       |    91 |       |       ||    91
       Bite              |       |       |    13 |    99 |     4 ||   116
       Mace              |       |       |       |   557 |    31 ||   588
       Morningstar       |       |       |       |   157 |       ||   157
       Staff             |       |       |       |   308 |    27 ||   335
 Cast: Lick              |       |       |       |    27 |       ||    27
       Lesser Chaos Bolt |       |       |       |     3 |       ||     3
       Chaotic Arrow     |       |       |       |    26 |    36 ||    62
       Ephemeral Spirits |       |       |       |     3 |       ||     3
Evoke: Wand              |       |       |     1 |    10 |       ||    11
  Use: Potion            |     1 |     1 |     4 |     4 |       ||    10
       Scroll            |       |     1 |       |     6 |       ||     7
 Stab: Held in net/web   |       |       |       |     1 |       ||     1
       Confused          |       |       |       |     4 |       ||     4
  Eat: Chunk             |       |     6 |    12 |    16 |     2 ||    36
       Ration            |       |       |       |       |     1 ||     1
Armor: Leather armour    |    26 |     9 |       |       |       ||    35
       Chain mail        |       |    64 |   270 |       |       ||   334
       Plate armour      |       |       |   107 |   479 |    36 ||   622
Dodge: Dodged            |    77 |   113 |   201 |   465 |    38 ||   894
